 Dungeon Crawl Stone Soup version 0.20-a0-1116-gaa52201 (webtiles) character file.

2366 M4edhros the Covert (level 9, -5/59 HPs)
             Began as an Octopode Artificer on May 6, 2017.
             Was an Initiate of Gozag.
             Slain by Menkaure (17 damage)
             ... on level 7 of the Dungeon.
             The game lasted 00:07:18 (5519 turns).

M4edhros the Covert (Octopode Artificer)            Turns: 5519, Time: 00:07:18

Health: -5/59      AC:  1    Str: 12    XL:     9   Next: 44%
Magic:  11/11      EV: 17    Int:  9    God:    Gozag
Gold:   562        SH:  0    Dex: 18    Spells: 8/8 levels left

rFire    . . .     SeeInvis .   y - +6 mace of Courage {drain, rElec Int-4 Dex+3}
rCold    . . .     Gourm    .   (no shield)
rNeg     . . .     Faith    .   (helmet restricted)
rPois    .         Spirit   .   (no amulet)
rElec    +         Reflect  .   (no ring)
rCorr    .         Harm     .   (no ring)
MR       .....                  (no ring)
Stlth    ++++++....             (no ring)
Regen    0.2/turn               (no ring)
MPRegen  0.2/turn               (no ring)
                                (no ring)
                                (no ring)

@: no status effects
A: almost no armour, stealthy swim, amphibious, 8 rings, constrict 8, camouflage
1, gelatinous body 1
a: Potion Petition, Call Merchant, Bribe Branch, Renounce Religion


You were on level 7 of the Dungeon.
You worshipped Gozag.
Gozag was pleased with you.
You were not hungry.

You visited 1 branch of the dungeon, and saw 7 of its levels.

You collected 1149 gold pieces.
You paid 587 gold pieces to Gozag.

Inventory:

Hand Weapons
 a - a +0 short sword
 m - a +0 dagger of venom
 y - the +6 mace of Courage (weapon) {drain, rElec Int-4 Dex+3}
   (You found it on level 5 of the Dungeon)

   A truly terrible weapon, it drains the life of those it strikes.
   It affects your intelligence (-4).
   It affects your dexterity (+3).
   It insulates you from electricity.
 z - the +3 mace of Antaw {protect, +Fly Dex+2}
   (You found it on level 5 of the Dungeon)

   It protects the one who uses it against injury (+AC on strike).
   It affects your dexterity (+2).
   It lets you fly.
Armour
 t - a +0 large shield
 B - a +0 shield
Wands
 b - a wand of flame (11/48)
 c - a wand of enslavement (6/24)
 d - a wand of random effects (2/48)
 w - a wand of flame (12/48)
Scrolls
 e - 2 scrolls of teleportation
 k - 3 scrolls of identify
 l - 3 scrolls of remove curse
 q - 2 scrolls of immolation {unknown}
 r - a scroll of recharging {unknown}
 s - 2 scrolls of blinking {unknown}
 x - a scroll of enchant weapon {unknown}
Potions
 g - a potion of flight {unknown}
 h - a potion of magic {unknown}
 i - 3 potions of curing
 j - a potion of lignification
 n - a potion of might {unknown}
 o - 2 potions of brilliance {unknown}
 p - a potion of resistance
 v - a potion of agility {unknown}
 A - a potion of haste {unknown}
Comestibles
 f - 2 bread rations
 u - 2 meat rations


   Skills:
 + Level 4.6 Fighting
 - Level 1.0 Short Blades
 + Level 5.5 Dodging
 - Level 11.5 Stealth
 * Level 5.5 Shields
 + Level 3.8 Evocations


You had 8 spell levels left.
You didn't know any spells.

Dungeon Overview and Level Annotations

Branches:
Dungeon (7/15)
 Temple: D:4-7

Altars:
Elyvilon
Fedhas
Gozag
Hepliaklqana
Makhleb
Nemelex Xobeh
Okawaru
Ru
Trog
Vehumet
Zin
The Shining One

Shops:
D:6 (

Annotations:
D:3 endorz's ghost, amateur GrFi
D:7 exclusion: statue, Menkaure


Innate Abilities, Weirdness & Mutations

You cannot wear most types of armour.
You are very stealthy in the water. (Stealth+)
You are amphibious.
You can wear up to eight rings at the same time.
You can use your tentacles to constrict eight enemies at once.
Your skin changes colour to match your surroundings (Stealth+).
Your rubbery body absorbs attacks. (AC +1, EV +1)


Message History

You constrict Menkaure. Menkaure misses you.
You hit Menkaure.
Menkaure is heavily damaged.
You constrict Menkaure. Menkaure misses you.
You completely miss Menkaure.
Menkaure is severely damaged.
You constrict Menkaure. The iguana misses you.
Menkaure calls on the powers of darkness!
Your body is wracked with pain!
The iguana convulses!
Okay, then.
You hit Menkaure.
Menkaure is severely damaged.
You constrict Menkaure. The iguana bites you.
* * * LOW HITPOINT WARNING * * *
Menkaure hits you!
* * * LOW HITPOINT WARNING * * *
The iguana completely misses you.
You feel better.
You constrict Menkaure. Menkaure hits you!
You die...
Your body crumbles into a pile of gold.

#..##. ...._. ......
#.##! ..... .....
..# ##.... ....
y.... ##..####..#..
...
....###...##....#..
.Z
.:#.........##.###
##$ #.#......# #.#
#$$####.#......# #.#
#$)).@M(.....# #.# #
#...$..$###l.......#
#.# # ..##<####
#........# #.### ..
#####..#####.# #(#..
#.$ #.......# #.#
#.#.# #. #.......#
#.# #...# #
#.......# #.# ##.###
#.......####.####..#
#..................#


You could see Menkaure and an iguana.

Vanquished Creatures
  A hippogriff (D:7)
  2 orc warriors
  2 eyes of draining (D:6)
  2 ogres
  2 bullfrogs
  3 scorpions
  A killer bee (D:7)
  A howler monkey (D:6)
  3 crimson imps
  3 hounds
  2 bullfrog skeletons
  An orc priest (D:6)
  A centaur skeleton (D:5)
  3 orc wizards
  Crazy Yiuf (D:5)
  2 iguanas (D:5)
  A gnoll shaman (D:4)
  6 worker ants
  A hound skeleton (D:3)
  A worker ant zombie (D:5)
  6 gnolls
  5 adders
  2 shadow imps
  An ooze (D:4)
  3 worms
  3 dart slugs
  10 leopard geckos
  16 orcs
  A ball python (D:5)
  5 bats
  7 giant cockroaches
  9 goblins
  8 hobgoblins
  4 jackals (D:2)
  A quokka (D:4)
  4 frilled lizards
  A jackal skeleton (D:6)
  A jackal zombie (D:5)
  9 kobolds
  A leopard gecko skeleton (D:4)
  7 rats
143 creatures vanquished.

Vanquished Creatures (collateral kills)
  A bullfrog (D:7)
  5 killer bees (D:7)
  3 gnolls (D:4)
  4 orcs
  A quokka skeleton (D:7)
14 creatures vanquished.

Vanquished Creatures (others)
  An orc warrior (D:6)
  A hound (D:6)
  A gnoll shaman (D:4)
  An iguana (D:6)
4 creatures vanquished.

Grand Total: 161 creatures vanquished

Notes
Turn   | Place    | Note
-------+----------+-------------------------------------------
     0 | D:1      | M4edhros the Octopode Artificer began the quest for the Orb.
     0 | D:1      | Reached XP level 1. HP: 13/13 MP: 3/3
   107 | D:2      | Reached skill level 2 in Stealth
   146 | D:2      | Reached skill level 3 in Stealth
   146 | D:2      | Reached XP level 2. HP: 13/18 MP: 4/4
   351 | D:3      | Found a sparkling altar of Nemelex Xobeh.
   361 | D:3      | Reached skill level 4 in Stealth
   361 | D:3      | Reached XP level 3. HP: 21/23 MP: 5/5
   366 | D:3      | Reached skill level 5 in Stealth
   556 | D:3      | Reached XP level 4. HP: 28/28 MP: 6/6
   832 | D:4      | Reached skill level 6 in Stealth
   832 | D:4      | Reached XP level 5. HP: 31/33 MP: 7/7
   835 | D:4      | Found an opulent altar of Gozag.
   850 | D:4      | Became a worshipper of Gozag Ym Sagoz the Greedy
   931 | D:3      | Noticed endorz's ghost (amateur GrFi)
  1061 | D:1      | Reached skill level 7 in Stealth
  1681 | D:2      | Found a glowing golden altar of the Shining One.
  1712 | D:2      | Found an iron altar of Okawaru.
  2460 | D:3      | Reached skill level 8 in Stealth
  2642 | D:4      | Reached XP level 6. HP: 38/38 MP: 8/8
  2778 | D:4      | Found a sacrificial altar of Ru.
  2779 | D:4      | Found a glowing silver altar of Zin.
  2890 | D:4      | Reached skill level 9 in Stealth
  3260 | D:4      | Reached XP level 7. HP: 38/43 MP: 9/9
  3282 | D:5      | Entered Level 5 of the Dungeon
  3377 | D:5      | Reached skill level 10 in Stealth
  3377 | D:5      | Reached skill level 1 in Shields
  3432 | D:5      | Got a crystal mace
  3435 | D:5      | Got an ichor-stained mace
  3436 | D:5      | Identified the +6 mace of Courage {drain, rElec Int-4 Dex+3} (You found it on level 5 of the Dungeon)
  3438 | D:5      | Identified the +3 mace of Antaw {protect, +Fly Dex+2} (You found it on level 5 of the Dungeon)
  3445 | D:5      | Found a runed door.
  3449 | D:5      | Noticed Crazy Yiuf
  3454 | D:5      | Killed Crazy Yiuf
  3583 | D:5      | Found a blossoming altar of Fedhas.
  3693 | D:5      | Found a burning altar of Makhleb.
  3693 | D:5      | Noticed a balrug
  3696 | D:5      | Noticed a ynoxinul
  3696 | D:5      | Noticed a smoke demon
  3746 | D:5      | Found a white marble altar of Elyvilon.
  4061 | D:6      | Reached XP level 8. HP: 45/51 MP: 10/10
  5078 | D:6      | Found a bloodstained altar of Trog.
  5087 | D:6      | Reached skill level 11 in Stealth
  5214 | D:7      | Noticed a hippogriff
  5222 | D:7      | Killed a hippogriff
  5222 | D:7      | Reached skill level 5 in Dodging
  5222 | D:7      | Reached XP level 9. HP: 50/58 MP: 11/11
  5254 | D:7      | Found a radiant altar of Vehumet.
  5358 | D:7      | Found a hazy altar of Hepliaklqana.
  5384 | D:7      | Reached skill level 5 in Shields
  5513 | D:7      | Noticed Menkaure
  5518 | D:7      | HP: 1/59 [Menkaure (13)]
  5519 | D:7      | Slain by Menkaure

Vault maps used:
D:1:      dpeg_arrival_leaves_temple_mockup
D:2:      nicolae_overflow_crystal_walls, first_bread, nrook_uturn,
          okawaru_ov_weapons_minmay
D:3:      old_standard_altar
D:4:      cheibrodos_barr_body, nicolae_gozag_cash_rules_everything_around_me,
          gammafunk_temple_overflow_pools
D:5:      overflow_temple_1_default, lemuel_doored_altar,
          makhleb_altar_promises_db, uniq_crazy_yiuf_cottage
D:6:      trog_eyes_of_draining
D:7:      vehumet_statue, overflow_temple_1_default, temple_statues,
          uniq_menkaure

Skill      XL: |  1  2  3  4  5  6  7  8  9 |
---------------+----------------------------+-----
Stealth        | 3 4 5 6 8 9 10 11 | 11.5
Shields        | 2 4 5 |  5.5
Dodging        | 3 5 |  5.5
Fighting       | 2 4 |  4.6
Short Blades   | |  1.0
Evocations     | |  3.8

Action                   |  1- 3 |  4- 6 |  7- 9 || total
-------------------------+-------+-------+-------++-------
Melee: Short sword       |    30 |     6 |       ||    36
       Constrict         |    11 |    36 |    33 ||    80
       Tentacles         |     5 |    28 |    23 ||    56
       Dagger            |       |   117 |    10 ||   127
       Mace              |       |       |   112 ||   112
Invok: Call Merchant     |       |       |     1 ||     1
Evoke: Wand              |     4 |     2 |    20 ||    26
  Use: Potion            |       |     3 |     5 ||     8
       Scroll            |       |       |     3 ||     3
 Stab: Sleeping          |     5 |    24 |    13 ||    42
       Distracted        |       |     1 |     4 ||     5
  Eat: Royal jelly       |       |     3 |     2 ||     5
       Bread ration      |       |     1 |       ||     1
Armor: Skin              |     4 |    10 |    27 ||    41
Dodge: Dodged            |    23 |    62 |    86 ||   171
